 Dungeon Crawl Stone Soup version 0.28-a0-883-gc8d7bad45d (webtiles) character file.

Game seed: 18114096779728817449

86 timneilson the Covered (level 4, -3/28 HPs)
             Began as a Gargoyle Fighter on Nov 21, 2021.
             Slain by an orc (6 damage)
             ... on level 3 of the Dungeon.
             The game lasted 00:02:18 (2353 turns).

timneilson the Covered (Gargoyle Fighter)           Turns: 2353, Time: 00:02:19

Health: -3/28      AC: 10    Str: 21    XL:     4   Next: 49%
Magic:  4/4        EV:  9    Int:  8    God:
Gold:   49         SH:  4    Dex:  9    Spells: 3/3 levels left

rFire   . . .      SeeInvis .   a - +0 long sword
rCold   . . .      Faith    .   c - +0 buckler
rNeg    + . .      Spirit   .   b - +0 scale mail
rPois   ∞          Reflect  .   (no helmet)
rElec   +          Harm     .   (no cloak)
rCorr   .          Rampage  .   (no gloves)
Will    .....                   (no boots)
Stlth   ..........              (no amulet)
HPRegen 0.09/turn               (no ring)
MPRegen 0.09/turn               (no ring)

@: no status effects
A: sickness immunity, AC +3, negative energy resistance 1, electricity
resistance, torment resistance 1, petrification resistance
a: no special abilities


You were on level 3 of the Dungeon.
You visited 1 branch of the dungeon, and saw 3 of its levels.

You collected 49 gold pieces.

Inventory:

Hand Weapons
 a - a +0 long sword (weapon)
Armour
 b - a +0 scale mail (worn)
 c - a +0 buckler (worn)
Potions
 d - a potion of might
 f - a potion of ambrosia
 g - a potion of heal wounds
 h - a potion of curing {unknown}


   Skills:
 + Level 3.6 Fighting
 * Level 2.5 Long Blades
 * Level 4.0 Armour
 + Level 0.6 Dodging
 * Level 4.0 Shields


You had 3 spell levels left.
You didn't know any spells.
Your spell library was empty.

Dungeon Overview and Level Annotations

Branches:
Dungeon (3/15)

Altars:


Innate Abilities, Weirdness & Mutations

You are immune to sickness and miasma.
Your stone body is resilient. (AC +3)
You are immune to poison.
You resist negative energy. (rN+)
You are resistant to electric shocks. (rElec)
You are resistant to unholy torment.
You are immune to petrification.


Message History

The orc wizard gestures at you while chanting.
The puff of flame hits you. The orc hits you with a +0 club.
You slash the orc!
You kill the orc!
The orc wizard gestures wildly while chanting.
The orc wizard flickers and vanishes!
Deactivating autopickup; reactivate with Ctrl-A.
The orc hits you with a +0 mace.
You are too injured to fight recklessly!
Unknown command.
Things that are here:
a jackal corpse; a jackal corpse; a jackal corpse The quokka bites you but does no damage. x2
Things that are here:
a jackal corpse; a jackal corpse; a jackal corpse You closely miss something.
You block the quokka's attack. Something hits you.
You hit the quokka but do no damage. The quokka bites you. x2
* * * LOW HITPOINT WARNING * * *
You slash the quokka!
You kill the quokka!
You closely miss something. Something completely misses you.
The orc hits you but does no damage.
You hear some strange, mumbled words.
A magic dart appears from out of thin air!
The magic dart hits you.
* * * LOW HITPOINT WARNING * * *
You closely miss something. The orc barely misses you. Something hits you.
* * * LOW HITPOINT WARNING * * *
You hit something. The orc closely misses you.
Something hits you but does no damage.
You miss something. The orc hits you but does no damage.
Something hits you but does no damage. The orc hits you but does no damage.
You miss something. Something hits you but does no damage.
You block the orc's attack.
You hear some strange, mumbled words.
A puff of flame appears from out of thin air!
The puff of flame hits you.
* * * LOW HITPOINT WARNING * * *
You barely miss something. The orc hits you with a +0 mace.
You die...

... ....### ..#..
.... #####.#######.#
........<.....#
#######.#..######
......o..........
###..#@#........
########..#{#########
............#
.......)....#
.........)..#
......).....#
............#
...#.....$..# .#
#....#####


You could see an orc.

Vanquished Creatures
  2 adders (D:2)
  A worm (D:2)
  3 dart slugs
  2 orcs (D:3)
  5 ball pythons
  6 endoplasms
  4 giant cockroaches
  4 hobgoblins
  3 jackals (D:3)
  2 kobolds
  5 quokkas
  4 bats
  3 frilled lizards
  4 goblins
  A rat (D:1)
49 creatures vanquished.

Notes
Turn   | Place    | Note
-------+----------+-------------------------------------------
     0 | D:1      | timneilson the Gargoyle Fighter began the quest for the
                  | Orb.
     0 | D:1      | Reached XP level 1. HP: 14/14 MP: 1/1
   257 | D:1      | Reached XP level 2. HP: 19/19 MP: 2/2
   309 | D:1      | Found a faded altar of an unknown god.
   726 | D:1      | Reached XP level 3. HP: 23/23 MP: 3/3
  1764 | D:2      | Reached XP level 4. HP: 28/28 MP: 4/4
  2353 | D:3      | Slain by an orc

Illustrated notes

Levels and vault maps discovered:
D:1:      ncdulo_watergridlock, layout_loops_ring,
          dreamdust_ecumenical_altar_statues
D:2:      layout_loops_ring
D:3:      layout_basic, serial_shops, shop, gammafunk_ghost_necromancy,
          uniq_grinder

Skill      XL: |  1  2  3  4 |
---------------+-------------+-----
Long Blades    | 2 |  2.5
Armour         | 4 |  4.0
Shields        | 4 |  4.0
Fighting       | |  3.6
Dodging        | |  0.6

Action                   |  1- 3 |  4- 6 || total
-------------------------+-------+-------++-------
Melee: Long sword        |   115 |    71 ||   186
  Use: Scroll            |     5 |     1 ||     6
Armor: Scale mail        |    58 |    44 ||   102
Dodge: Dodged            |    49 |    28 ||    77
Block: Buckler           |    29 |    16 ||    45

Table legend: (Time is in decaauts)
 A = Elapsed time spent in this place.
 B = Non-inter-level travel time spent in this place.
 C = Inter-level travel time spent in this place.
 D = Time resting spent in this place.
 E = Time spent auto-exploring this place.
 F = Levels seen in this place.
 G = Mean time per level.
                   A        B        C        D        E       F      G
               +--------+--------+--------+--------+--------+-----+--------+
         Total |   2408 |   2359 |     49 |      0 |   1949 |   3 |  802.7 |
       Dungeon |   2408 |   2359 |     49 |      0 |   1949 |   3 |  802.7 |
               +--------+--------+--------+--------+--------+-----+--------+

Top non-repeatable levels by time:
     D:1: 1333 daAuts
     D:2: 1022 daAuts
     D:3: 53 daAuts
